 Dungeon Crawl Stone Soup version 0.31.0-11-ge490571c62 (webtiles) character file.

Game seed: 17693317855221678230

21 qw the Shooter (level 2, 0/16 HPs)
             Began as a Deep Elf Hunter on Feb 4, 2024.
             Slain by a gnoll
             ... wielding a +0 halberd
              (16 damage)
             ... on level 2 of the Dungeon.
             The game lasted 00:00:01 (813 turns).

qw the Shooter (Deep Elf Hunter)                     Turns: 813, Time: 00:00:02

Health: 0/16       AC:  3    Str:  8    XL:     2   Next: 65%
Magic:  4/4        EV: 12    Int: 13    God:
Gold:   981        SH:  0    Dex: 18    Spells: 1/1 levels left

rFire   . . .        a - +0 shortbow
rCold   . . .        (shield currently unavailable)
rNeg    . . .        c - +0 leather armour
rPois   .            (no helmet)
rElec   .            (no cloak)
rCorr   .            (no gloves)
SInv    .            (no boots)
Will    .....        (no amulet)
Stlth   ++           (no ring)
HPRegen 0.22/turn    (no ring)
MPRegen 0.09/turn

%: no passive effects
@: no status effects
A: no striking features
a: no special abilities


You were on level 2 of the Dungeon.
You visited 1 branch of the dungeon, and saw 2 of its levels.

You collected 981 gold pieces.


   Skills:
 - Level 1.5 Fighting
 + Level 6.4 Ranged Weapons
 - Level 2.4 Dodging
 - Level 1.2 Stealth


You had one spell level left.
You didn't know any spells.
Your spell library was empty.

Inventory:

Hand Weapons
 a - a +0 shortbow (weapon)
Armour
 c - a +0 leather armour (worn)
Scrolls
 d - a scroll of teleportation
Potions
 b - 2 potions of enlightenment {unknown}
 e - a potion of might
 g - a potion of attraction {unknown}

Dungeon Overview and Level Annotations

Branches:
Dungeon (2/15)

Altars:


Message History

You kill the ball python!
Your Ranged Weapons skill increases to level 6!
You start resting.
HP restored.
b - 2 green potions An endoplasm comes into view.
You shoot an arrow. The arrow hits the endoplasm!
You kill the endoplasm!
A rat comes into view.
You shoot an arrow. The arrow hits the rat.
You kill the rat!
A gnoll comes into view. It is wielding a +0 club.
You shoot an arrow.
The arrow hits the gnoll but does no damage.
The gnoll shouts!
You hear a shout! x2
A gnoll comes into view. It is wielding a +0 flail.
You shoot an arrow. The arrow barely misses the gnoll.
The arrow hits the gnoll!
The gnoll is heavily wounded.
You shoot an arrow. The arrow hits the gnoll.
The gnoll is lightly wounded.
A gnoll comes into view. It is wielding a +0 halberd.
805 ||| RETREEEEATING.
806 ||| RETREEEEATING.
You shoot an arrow. The arrow hits the gnoll.
The gnoll is moderately wounded.
You shoot an arrow. The arrow hits the gnoll!
You kill the gnoll!
You shoot an arrow. The arrow barely misses the gnoll.
You shoot an arrow. The arrow hits the gnoll.
The gnoll is heavily wounded.
You shoot an arrow. The arrow hits the gnoll.
The gnoll is heavily wounded.
You shoot an arrow. The arrow hits the gnoll.
The gnoll is severely wounded.
The gnoll completely misses you.
You shoot an arrow. The arrow barely misses the gnoll.
The gnoll hits you from afar with a +0 halberd!
Ouch! That really hurt!
You die...

#. ... #. #.#
#. #.# #.
##.## #. #....
#.## #..##
#gg#
##########..#
##.#
#...........#
#@#
#.########.###
#.# #.# #....
#.# #.# #####
#.# #.# #.#
#.# #.# #.#
#.###.##
#.##...#
#......#


You could see 2 gnolls.

Vanquished Creatures
  A gnoll (D:2)
  A dart slug (D:1)
  A bat (D:1)
  2 endoplasms
  A hobgoblin (D:1)
  2 ball pythons
  A kobold (D:1)
  A rat (D:2)
10 creatures vanquished.

Notes
Turn   | Place    | Note
-------+----------+-------------------------------------------
     0 | D:1      | qw the Deep Elf Hunter began the quest for the Orb.
     0 | D:1      | Reached XP level 1. HP: 12/12 MP: 3/3
     0 | D:1      | 0 ||| qw: Version: 0.3-a-160-g6735b56
     0 | D:1      | 0 ||| qw: Game counter: 4421
     0 | D:1      | 0 ||| qw: Melee chars always use a shield: true
     0 | D:1      | 0 ||| qw: God list: Okawaru
     0 | D:1      | 0 ||| qw: Allow faded altars: false
     0 | D:1      | 0 ||| qw: Do Orc after clearing Dungeon:15 true
     0 | D:1      | 0 ||| qw: Do second Lair branch before Depths: true
     0 | D:1      | 0 ||| qw: Lair rune preference: random
     0 | D:1      | 0 ||| qw: Goals: Normal
     0 | D:1      | 0 ||| PLANNING D:1-11
   630 | D:1      | Reached XP level 2. HP: 16/16 MP: 4/4
   690 | D:1      | 690 ||| READING 2 scrolls labelled GAKLIG ITEGG.
   695 | D:1      | 695 ||| READING scroll labelled VOCATU NOMPI.
   695 | D:1      | 695 ||| IDENTIFYING pink potion
   696 | D:1      | 696 ||| READING scroll labelled BUEROR QOGOS.
   696 | D:1      | Identified a scroll of acquirement
   696 | D:1      | 696 ||| ACQUIRING 933 gold pieces
   696 | D:1      | Acquired 933 gold pieces
   698 | D:1      | 698 ||| READING scroll labelled OTAD JEILLEULO.
   698 | D:1      | 698 ||| ENCHANTING +0 shortbow.
   699 | D:1      | 699 ||| DROPPING scroll of butterflies.
   718 | D:2      | Reached skill level 6 in Ranged Weapons
   805 | D:2      | 805 ||| RETREEEEATING.
   806 | D:2      | 806 ||| RETREEEEATING.
   813 | D:2      | Slain by a gnoll

Levels and vault maps discovered:
D:1:      minmay_arrival_five_plusses, layout_basic,
          nicolae_concentric_dashed_squares_mild
D:2:      layout_loops_ring

Skill      XL: |  1  2 |
---------------+-------+-----
Ranged Weapons | 6 |  6.4
Fighting       | |  1.5
Dodging        | |  2.4
Stealth        | |  1.2

Action                     || total
---------------------------++-------
   Fire: Shortbow          ||    36
    Use: Scroll            ||     4
 Armour: Leather armour    ||     6
  Dodge: Dodged            ||     9

Table legend:
 A = Non-vault XP
 B = Vault XP
 C = Vault XP percentage of total XP
 D = Non-vault monster count
 E = Vault monster count
 F = Vault count percentage of total count
                 A         B        C        D         E       F
            +---------+---------+-------+---------+---------+-------
      Total |      31 |       0 |   0.0 |      10 |       0 |   0.0
            +---------+---------+-------+---------+---------+-------
        D:1 |      12 |       0 |   0.0 |       6 |       0 |   0.0
        D:2 |      19 |       0 |   0.0 |       4 |       0 |   0.0
            +---------+---------+-------+---------+---------+-------
